 Dungeon Crawl Stone Soup version 0.28.0 (webtiles) character file.

Game seed: 6598389769886324131

56 GrayStillPlays the Skirmisher (level 3, 0/29 HPs)
             Began as a Demonspawn Fighter on Feb 17, 2022.
             Slain by a gnoll (9 damage)
             ... on level 1 of the Dungeon.
             The game lasted 00:01:54 (1931 turns).

GrayStillPlays the Skirmisher (Demonspawn Fighter)  Turns: 1931, Time: 00:01:54

Health: 0/29       AC:  6    Str: 18    XL:     3   Next: 69%
Magic:  3/3        EV:  9    Int:  9    God:
Gold:   38         SH:  4    Dex: 12    Spells: 2/2 levels left

rFire   . . .      SeeInvis +   j - +2 short sword (vamp) {short}
rCold   . . .      Faith    .   c - +0 buckler
rNeg    . . .      Spirit   .   b - +0 scale mail
rPois   .          Reflect  .   (no helmet)
rElec   .          Harm     .   (no cloak)
rCorr   .          Rampage  .   (no gloves)
Will    .....                   (no boots)
Stlth   ..........              (no amulet)
HPRegen 0.09/turn               q - ring of see invisible
MPRegen 0.08/turn               (no ring)

@: no status effects
A: demonic magic 1
a: no special abilities


You were on level 1 of the Dungeon.
You visited 1 branch of the dungeon, and saw 2 of its levels.

You collected 38 gold pieces.


Innate Abilities, Weirdness & Mutations

Spells you cast may paralyse adjacent enemies.


   Skills:
 + Level 3.5 Fighting
 - Level 2.0 Axes
 + Level 3.2 Armour
 + Level 3.2 Shields


You had 2 spell levels left.
You didn't know any spells.
Your spell library contained the following spells:

 Spells                   Type           Power      Damage    Failure   Level
 Sting                    Tmut/Pois      0%         1d3       86%         1
 Hailstorm                Conj/Ice       0%         3d3       100%        4
 Eringya's Noxious Bog    Tmut/Pois      0%         N/A       100%        6

Inventory:

Hand Weapons
 a - a +0 war axe {axe}
 g - a +0 spear of distortion {!wpolearm}
   (You found it on level 1 of the Dungeon)
 j - a +2 vampiric short sword (weapon) {short}
   (You took it off a kobold on level 1 of the Dungeon)
Missiles
 i - 34 stones (quivered) {throwing}
 k - 28 sling bullets
 l - 24 arrows
Armour
 b - a +0 scale mail (worn)
 c - a +0 buckler (worn)
Jewellery
 q - a ring of see invisible (left hand)
   (You found it on level 1 of the Dungeon)
Scrolls
 h - a scroll of summoning {unknown}
 o - a scroll of identify {unknown}
 p - a scroll of fog {unknown}
Potions
 d - a potion of might
 e - a potion of brilliance {unknown}
 f - 2 potions of mutation {unknown}
 m - 2 potions of magic {unknown}
 n - a potion of curing {unknown}

Dungeon Overview and Level Annotations

Branches:
Dungeon (2/15)

Altars:

.#.#...........#.#
#...#..........#.#
##.#######.....#.##
......#≈≈#..#..#..##
.......#≈#..##.#...#
........##..##..≈#.#
.........#..###≈≈≈.#
.........##..##g≈≈.#
.........###..##@≈≈#
..<......# ##..##≈≈#
.........###..###.≈#
.........##..## #.≈#
.........#..## #≈≈##
........##..#####.≈≈#
.......#≈#........#≈#
......#≈≈#...######≈#
##.#######...# ###


You could see a gnoll.


Message History

You hit the adder.
You feel better.
You kill the adder!
You feel sick. 😕 HP[+1] No target in view!
No target in view!
You feel sick.
You feel sick.
You feel sick.
You feel sick.
You are no longer poisoned.
You see here an adder corpse.
A hobgoblin comes into view.
The hobgoblin shouts! 😎 HP[+5]
Your hp is fully restored (29).
A hobgoblin is nearby!
You block the hobgoblin's attack.
You hit the hobgoblin.
You kill the hobgoblin!
You see here a hobgoblin corpse.
A giant cockroach comes into view.
You hit the giant cockroach.
The giant cockroach completely misses you.
A giant cockroach is nearby!
A giant cockroach is nearby!
A giant cockroach is nearby!
You hit the giant cockroach but do no damage.
The giant cockroach bites you but does no damage.
You closely miss the giant cockroach. You block the giant cockroach's attack.
You hit the giant cockroach.
You kill the giant cockroach!
No target in view!
A rat comes into view.
The rat moves out of view.
No target in view!
A rat is nearby!
A rat is nearby!
A rat is nearby!
You hit the rat but do no damage. The rat closely misses you.
You closely miss the rat. The rat closely misses you.
You barely miss the rat. The rat misses you.
A rat is nearby!
You hit the rat.
You kill the rat! 2 gnolls come into view.
A gnoll is wielding a +1 spear of freezing.
The gnoll shouts!
A gnoll comes into view. It is wielding a +0 flail.
The gnoll shouts!
The gnoll barely misses you.
There are monsters nearby!
You closely miss the gnoll. You block the gnoll's attack.
The gnoll closely misses you.
There are monsters nearby!
There are monsters nearby!
You hit the gnoll. The gnoll hits you but does no damage.
There are monsters nearby!
You hit the gnoll.
You kill the gnoll!
There are monsters nearby!
You hit the gnoll but do no damage. The gnoll barely misses you.
There are monsters nearby!
You completely miss the gnoll. The gnoll hits you but does no damage.
You block the gnoll's attack.
There are monsters nearby!
You hit the gnoll. You block the gnoll's attack.
The gnoll hits you with a +0 flail! 😮 HP[-10]
You take 10 damage, and now have 19/29 hp.
MASSIVE DAMAGE!! (PAUSE)
You are too injured to fight recklessly!
You hit the gnoll.
You feel better.
The gnoll hits you from afar with a +1 spear of freezing.
The gnoll freezes you. The gnoll hits you with a +0 flail!
* * * LOW HITPOINT WARNING * * *
You block the gnoll's attack. 😨 HP[-11]
You take 11 damage, and now have 8/29 hp.
MASSIVE DAMAGE!! (PAUSE)
You closely miss the gnoll. The gnoll hits you with a +0 flail.
* * * LOW HITPOINT WARNING * * *
The gnoll hits you but does no damage. 😱 HP[-5]
You take 5 damage, and now have 3/29 hp. 😱 HP[+1]
The gnoll closely misses you. 😱 HP[+1] 😱 HP[+1]
You see here an adder corpse.
There is a stone staircase leading down here. 😱 HP[+1]
There is a stone staircase leading up here.
You climb upwards.
There is a stone staircase leading down here.
You closely miss the gnoll. The gnoll barely misses you.
You hit the gnoll. The gnoll barely misses you. 😨 HP[+1]
You hit the gnoll.
You feel better. The gnoll hits you with a +0 flail!
You die...

Skill      XL: |  1  2 |
---------------+-------+-----
Axes           | 2 |  2.0
Armour         | 3 |  3.2
Shields        | 3 |  3.2
Fighting       | |  3.5

Action                   || total
-------------------------++-------
Melee: War axe           ||    17
       Short sword       ||    91
Armor: Scale mail        ||    48
Dodge: Dodged            ||    45
Block: Buckler           ||    26

Levels and vault maps discovered:
D:1:      psy_arrival_dodecagon, layout_basic, shapermc_ecumenical_altar_ellora,
          serial_rivers, chequers_serial_rivers_small_b,
          chequers_serial_rivers_small_a, chequers_serial_rivers_micro_a,
          chequers_serial_rivers_micro_c, chequers_serial_rivers_micro_e,
          minmay_misc_feat_columns, minmay_pentomino_u4
D:2:      layout_loops_corners

Notes
Turn   | Place    | Note
-------+----------+-------------------------------------------
     0 | D:1      | GrayStillPlays the Demonspawn Fighter began the quest for
                  | the Orb.
     0 | D:1      | Reached XP level 1. HP: 18/18 MP: 1/1
     0 | D:1      | magus.rc [v1.9.6]
   306 | D:1      | Reached skill level 2 in Axes
   306 | D:1      | Gained mutation: Spells you cast may paralyse adjacent
                  | enemies. [demonic ancestry]
   306 | D:1      | Reached XP level 2. HP: 23/24 MP: 2/2
   354 | D:1      | You add the spells Sting, Hailstorm and Eringya's Noxious
                  | Bog to your library.
   354 | D:1      | Got the Incunabulum of a Billion Prophets
   572 | D:1      | Found a faded altar of an unknown god.
   722 | D:1      | Reached skill level 3 in Armour
   722 | D:1      | Reached skill level 3 in Shields
  1351 | D:2      | Reached XP level 3. HP: 29/29 MP: 3/3
  1882 | D:2      | HP: 3/29 [gnoll (5)]
  1931 | D:1      | Slain by a gnoll

Vanquished Creatures
  An adder (D:2)
  A gnoll (D:2)
  A worm (D:2)
  A dart slug (D:2)
  3 bats (D:1)
  3 endoplasms
  3 giant cockroaches
  4 goblins (D:1)
  3 hobgoblins
  3 ball pythons
  A frilled lizard (D:1)
  3 kobolds (D:1)
  5 rats
32 creatures vanquished.

Table legend:
 A = Non-vault XP
 B = Vault XP
 C = Vault XP percentage of total XP
 D = Non-vault monster count
 E = Vault monster count
 F = Vault count percentage of total count
                 A         B        C        D         E       F
            +---------+---------+-------+---------+---------+-------
      Total |      75 |       5 |   6.2 |      29 |       3 |   9.4
            +---------+---------+-------+---------+---------+-------
        D:1 |      28 |       5 |  15.2 |      17 |       3 |  15.0
        D:2 |      47 |       0 |   0.0 |      12 |       0 |   0.0
            +---------+---------+-------+---------+---------+-------

Illustrated notes

Table legend:
 A = Kills in this place as a percentage of kills in entire the game.
 B = Kills by you in this place as a percentage of kills by you in the entire game.
 C = Kills by friends in this place as a percentage of kills by friends in the entire game.
 D = Other kills in this place as a percentage of other kills in the entire game.
 E = Experience gained in this place as a percentage of experience gained in the entire game.
 F = Experience gained in this place divided by the number of levels of this place that you have seen.
                   A       B       C       D       E      F
               +-------+-------+-------+-------+-------+----------------------
         Total | 100.0 | 100.0 |   N/A |   N/A | 100.0 |  40.0
       Dungeon | 100.0 | 100.0 |   N/A |   N/A | 100.0 |  40.0
               +-------+-------+-------+-------+-------+----------------------

Table legend: (Time is in decaauts)
 A = Elapsed time spent in this place.
 B = Non-inter-level travel time spent in this place.
 C = Inter-level travel time spent in this place.
 D = Time resting spent in this place.
 E = Time spent auto-exploring this place.
 F = Levels seen in this place.
 G = Mean time per level.
                   A        B        C        D        E       F      G
               +--------+--------+--------+--------+--------+-----+--------+
         Total |   1955 |   1818 |    137 |      0 |   1543 |   2 |  977.5 |
       Dungeon |   1955 |   1818 |    137 |      0 |   1543 |   2 |  977.5 |
               +--------+--------+--------+--------+--------+-----+--------+

Top non-repeatable levels by time:
     D:1: 1305 daAuts
     D:2: 649 daAuts
